 Dungeon Crawl Stone Soup version 0.31-a0-1522-g43313d8a59 (webtiles) character file.

Game seed: 7774724993161224003

11362 demibob the Basher (level 11, -2/106 HPs)
             Began as a Demonspawn Chaos Knight on Dec 30, 2023.
             Was a Plaything of Xom.
             Slain by a red devil
             ... wielding a +0 spear
              (11 damage)
             ... on level 1 of the Orcish Mines.
             The game lasted 00:22:45 (10529 turns).

demibob the Basher (Demonspawn Chaos Knight)       Turns: 10529, Time: 00:22:46

Health: -2/106     AC: 25    Str: 12    XL:     11   Next: 48%
Magic:  9/9        EV:  2    Int: 14    God:    Xom [*.....]
Gold:   601        SH:  0    Dex: 22    Spells: 10/10 levels left

rFire   . . .        k - +3 mace (venom)
rCold   . . .        (no shield)
rNeg    . . .        w - melded +3 chain mail
rPois   +            (helmet unavailable)
rElec   .            o - melded +0 cloak
rCorr   .            l - melded +0 pair of gloves
SInv    +            x - melded +0 pair of boots
Will    .....        t - amulet of magic regeneration
Stlth   ++           D - +6 ring of dexterity
HPRegen 0.37/turn    v - ring of see invisible
MPRegen 0.51/turn

%: no passive effects
@: mighty, agile, tree-form, liquefying, slowed movement, very slow
A: stationary, stasis, torment immunity, boosted hp, (horns 3), (slimy green
scales 2), powered by pain 2, demonic magic 2, frail 1, low MP 1, mutation
resistance 1, sense surroundings 1, inability to read after injury 1
a: Renounce Religion


You were on level 1 of the Orcish Mines.
You worshipped Xom.
You were a special plaything of Xom.
You were a tree.
You visited 2 branches of the dungeon, and saw 11 of its levels.
You also visited: Sewer and Ossuary.

You collected 601 gold pieces.


Innate Abilities, Weirdness & Mutations

You are a tree.
Your roots penetrate the ground, keeping you stationary.
You cannot be teleported.
You are immune to unholy pain and torment.
Your maximum health is greatly increased.
Your equipment is partially melded.
((You have a pair of large horns on your head.))
((You are mostly covered in slimy green scales. (AC +3)))
You sometimes gain power by taking damage.
Spells you cast may paralyse nearby enemies.
You are frail. (-10% HP)
Your magical capacity is low. (-10% MP)
You are somewhat resistant to further mutation.
You passively map a small area around you.
You occasionally lose the ability to read scrolls when taking damage.


   Skills:
 - Level 5.1 Fighting
 - Level 14.0 Maces & Flails
 - Level 6.8 Armour
 - Level 0.8 Dodging
 + Level 8.4 Evocations


You had 10 spell levels left.
You didn't know any spells.
Your spell library contained the following spells:

 Spells                   Type           Power      Damage    Failure   Level
 Freeze                   Ice            0%         1d3       28%         1
 Ensorcelled Hibernation  Hex/Ice        0%         N/A       41%         2
 Frozen Ramparts          Ice            0%         1d1       65%         3
 Fugue of the Fallen      Necr           0%         N/A       65%         3
 Hailstorm                Conj/Ice       0%         3d5       65%         3
 Summon Ice Beast         Ice/Summ       0%         N/A       65%         3
 Tukima's Dance           Hex            0%         N/A       65%         3
 Volatile Blastmotes      Fire/Tloc      0%         2d10      65%         3
 Anguish                  Hex/Necr       0%         N/A       96%         4
 Animate Armour           Summ/Erth      0%         N/A       96%         4
 Martyr's Knell           Necr/Summ      0%         N/A       96%         4
 Passage of Golubria      Tloc           0%         N/A       96%         4
 Sticky Flame             Fire/Alch      0%         2d4       96%         4
 Summon Lightning Spire   Summ/Air       0%         N/A       96%         4
 Lee's Rapid Deconstruct  Erth           0%         3d4*      100%        5
 Yara's Violent Unravell  Hex/Alch       0%         3d3       100%        5
 Sculpt Simulacrum        Ice/Alch       0%         N/A       100%        6

Inventory:

Hand Weapons
 a - a +0 mace of chaos
 k - a +3 mace of venom (weapon)
Missiles
 c - a throwing net {=f}
Armour
 d - a +1 hat
 l - a +0 pair of gloves (melded)
 o - a +0 cloak (melded)
 w - a +3 chain mail (melded)
 x - a +0 pair of boots (melded)
Jewellery
 t - an amulet of magic regeneration (around neck)
 v - a ring of see invisible (right branch)
 D - a +6 ring of dexterity (left branch)
Wands
 y - a wand of polymorph (3)
Scrolls
 h - a scroll of brand weapon
 n - a scroll of noise
 r - a scroll of enchant weapon
 B - 2 scrolls of vulnerability
 C - a scroll of revelation
Potions
 e - 3 potions of magic
 f - 11 potions of degeneration
 g - 2 potions of attraction
 j - 2 potions of lignification
 m - 2 potions of might
 A - a potion of resistance

Dungeon Overview and Level Annotations

Branches:
Dungeon (10/15)            Temple (0/1) D:6            Lair (0/5) D:10
    Orc (1/2) D:10          Sewer (visited)         Ossuary (visited)

Altars:
Cheibriados
Dithmenos
Makhleb
Ru
Uskayaw
Wu Jian
Xom

Shops:
D:4 : D:9

( ### ###.## ##...♣#
* ##..o5## * #..K4###
* ##.)oo§## , * ** *
#..$§§§.# , ,,
,o......§o§##
,,,,~~,▓.▓.≈≈§....#**
* ,,
~,,▓,▓..≈$.O...#,,*
,,,, ,**
▓▓..........,,


You could see a kobold blastminer (struggling), a red devil (ally target), an
orc warrior (struggling), an orc (struggling) and a friendly ufetubus (summoned,
struggling).


Message History

The orc barely misses your crimson imp.
Your ufetubus closely misses the red devil. x2
The red devil hits you but does no damage.
The red devil blocks your crimson imp's attack.
Your ufetubus becomes momentarily stuck in the liquid earth.
Your ufetubus closely misses the red devil.
The orc becomes momentarily stuck in the liquid earth.
Unknown command.
Press: ? - help, v - describe, . - travel
Here: a kobold blastminer (covering ground slowly)
The floor.
Unknown command.
Unknown command.
The red devil hits you but does no damage.
The red devil blocks your ufetubus's attack.
Your ufetubus becomes momentarily stuck in the liquid earth.
Your crimson imp completely misses the red devil.
The orc barely misses your crimson imp.
You carefully extract the barbed spikes from your body.
Your ufetubus misses the red devil.
Your ufetubus becomes momentarily stuck in the liquid earth.
The red devil completely misses you.
The kobold blastminer wields a +0 arbalest.
The kobold blastminer shoots a bolt.
The bolt hits your crimson imp!
Your crimson imp dies!
Your crimson imp disappears in a puff of smoke!
Your ufetubus becomes momentarily stuck in the liquid earth. x2
The red devil hits you from afar with a +0 spear!
You die...
Xom cackles wildly!

Skill      XL: |  1  2  3  4  5  6  7  8  9 10 11 |
---------------+----------------------------------+-----
Maces & Flails | 3 4 11 12 13 14 | 14.0
Fighting       | 4 5 |  5.1
Armour         | 3 5 6 |  6.8
Evocations     | 4 8 |  8.4
Dodging        | |  0.8

Action                     |  1- 3 |  4- 6 |  7- 9 | 10-12 || total
---------------------------+-------+-------+-------+-------++-------
  Melee: Mace              |   114 |   123 |   333 |   356 ||   926
         Punch             |     2 |       |    13 |     4 ||    19
         Headbutt          |    11 |    18 |    82 |   101 ||   212
         Kick              |       |       |    23 |       ||    23
  Evoke: Wand              |       |       |     8 |    20 ||    28
    Use: Scroll            |       |    11 |    12 |     4 ||    27
         Potion            |       |       |     9 |    12 ||    21
   Stab: Sleeping          |     1 |     5 |     5 |       ||    11
         Distracted        |     1 |     1 |       |       ||     2
         Invisible         |       |     4 |     2 |       ||     6
         Confused          |       |     1 |       |     3 ||     4
         Fleeing           |       |       |     1 |       ||     1
 Armour: Leather armour    |    96 |    60 |    53 |       ||   209
         Chain mail        |       |       |   183 |   376 ||   559
         Skin              |       |       |       |    10 ||    10
  Dodge: Dodged            |    81 |    55 |   101 |   110 ||   347

Levels and vault maps discovered:
D:1:      dpeg_arrival_court, layout_basic, chequers_serial_rivers_room_b,
          minmay_tripent
D:2:      minmay_diamond_boxcup, layout_rooms,
          hellmonk_ecumenical_altar_dog_temple, basic_altar
D:3:      layout_rooms, portal_sewer_entry_b
D:4:      layout_rooms, nzn_wu_jian_contemplation, mainiacjoe_overflow_catwalk,
          serial_shops, nicolae_shop_statue_plus
D:5:      layout_loops_corners, hangedman_decor_diamond_cutter, st_stairs_14,
          grunt_decor_junction
D:6:      layout_rooms, slow_altar_2, mainiacjoe_overflow_catwalk_spiral,
          minmay_temple_entry_water_ring, serial_co_window_serial,
          co_window_cross_1, co_window_corner_a, co_window_paths_a,
          co_window_of_opportunity_a, co_window_of_opportunity_a,
          co_window_paths_b, co_window_of_opportunity_a, co_window_paths_a,
          co_window_of_opportunity_a, co_window_paths_c, co_window_broadway_c,
          co_window_broadway_a, co_window_of_opportunity_c, glass_columns_c,
          glass_columns_a, glass_columns_b, glass_columns_a, glass_columns_a
D:7:      layout_rooms, nicolae_elyvilon_peaceful_grove, enter_ossuary_2,
          nicolae_hexahallways, nicolae_kite_square_tiling_tiny, uniq_joseph
D:8:      layout_cave_pools, hangedman_decor_peaks_small, uniq_prince_ribbit1
D:9:      layout_roguey, marbit_many_paths, serial_shops,
          nicolae_shop_real_fake_doors, serial_curves, eino_curves_03,
          eino_curves_01, kennysheep_generic_room_4
D:10:     layout_small_grid, zin_statuary, david_lair_generic, erik_orc_1
Orc:1:    layout_diamond_mine, serial_shops, nicolae_shop_peninsula,
          basic_altar, einodemon_armed_red_devil_minivault

Notes
Turn   | Place    | Note
-------+----------+-------------------------------------------
     0 | D:1      | demibob the Demonspawn Chaos Knight began the quest for the
                  | Orb.
     0 | D:1      | Reached XP level 1. HP: 18/18 MP: 1/1
    33 | D:1      | XOM: silly message
    43 | D:1      | Reached skill level 3 in Maces & Flails
   129 | D:1      | Gained mutation: You are partially covered in slimy green
                  | scales. (AC +2) [demonic ancestry]
   129 | D:1      | Reached XP level 2. HP: 24/24 MP: 2/2
   162 | D:1      | XOM: silly message
   580 | D:2      | Gained mutation: You have a pair of small horns on your
                  | head. [demonic ancestry]
   580 | D:2      | Reached XP level 3. HP: 29/29 MP: 3/3
   673 | D:2      | Reached skill level 4 in Maces & Flails
   736 | D:2      | Found a burning altar of Makhleb.
   822 | D:2      | Found a faded altar of an unknown god.
  1028 | D:2      | Gained mutation: You sometimes gain a little power by
                  | taking damage. [demonic ancestry]
  1028 | D:2      | Reached XP level 4. HP: 34/35 MP: 4/4
  1168 | D:3      | Found a glowing drain.
  1168 | D:3      | XOM: 4-stop teleportation journey
  1172 | D:3      | XOM: potion effect (experience)
  1172 | D:3      | Reached skill level 11 in Maces & Flails
  1172 | D:3      | Gained mutation: You have a pair of horns on your head.
                  | [demonic ancestry]
  1172 | D:3      | Reached XP level 5. HP: 39/41 MP: 5/5
  1207 | D:3      | XOM: cloud trail
  1208 | Sewer    | Entered a sewer
  1326 | Sewer    | XOM: potion effect (invisibility)
  1331 | Sewer    | Gained mutation: You are mostly covered in slimy green
                  | scales. (AC +3) [demonic ancestry]
  1331 | Sewer    | Reached XP level 6. HP: 35/47 MP: 3/6
  1504 | Sewer    | XOM: silly message
  2153 | D:4      | XOM: give mutations
  2153 | D:4      | Gained mutation: You have a pair of large horns on your
                  | head. [Xom's mischief]
  2153 | D:4      | Gained mutation: Your skin changes colour to match your
                  | surroundings (Stealth+). [Xom's mischief]
  2182 | D:4      | Found Seraumo's Book Shoppe.
  2184 | D:4      | Gained mutation: Spells you cast may paralyse adjacent
                  | enemies. [demonic ancestry]
  2184 | D:4      | Reached XP level 7. HP: 52/52 MP: 7/7
  2280 | D:4      | XOM: potion effect (curing)
  2292 | D:4      | Reached skill level 4 in Fighting
  2292 | D:4      | Reached skill level 12 in Maces & Flails
  2368 | D:4      | Found a shadowy altar of Dithmenos.
  2573 | D:4      | XOM: polymorph orc -> goblin
  2581 | D:4      | XOM: fake destruction
  2618 | D:4      | XOM: give mutation
  2618 | D:4      | Gained mutation: You have large cloven feet. [Xom's
                  | mischief]
  2642 | D:4      | Found an ornate altar of the Wu Jian Council.
  2738 | D:5      | Entered Level 5 of the Dungeon
  2869 | D:5      | Reached XP level 8. HP: 14/61 MP: 8/8
  2954 | D:5      | XOM: summons 1 hostile demon
  3244 | D:5      | XOM: give mutations
  3244 | D:5      | Gained mutation: Your mind is acute. (Int +4, Str/Dex -1)
                  | [Xom's mischief]
  3244 | D:5      | Gained mutation: You are clumsy. (Dex -2) [Xom's mischief]
  3244 | D:5      | Lost mutation: You have a pair of large horns on your head.
                  | [Xom's mischief]
  3244 | D:5      | Gained mutation: You occasionally lose the ability to drink
                  | potions when taking damage. [Xom's mischief]
  3354 | D:5      | Reached skill level 5 in Fighting
  3519 | D:5      | Upgraded the game from 0.31-a0-1499-ge0622b2318 to
                  | 0.31-a0-1522-g43313d8a59
  3600 | D:5      | Reached skill level 2 in Armour
  3979 | D:6      | XOM: confusion
  4183 | D:6      | Found a snail-covered altar of Cheibriados.
  4305 | D:6      | Found a shimmering altar of Xom.
  4305 | D:6      | Found a sacrificial altar of Ru.
  4305 | D:6      | XOM: 6-stop teleportation journey
  4324 | D:6      | XOM: scenery: create altars
  4450 | D:6      | Found a staircase to the Ecumenical Temple.
  4642 | D:6      | XOM: cleaving
  4648 | D:6      | Reached skill level 3 in Armour
  4937 | D:7      | Noticed Joseph
  4952 | D:7      | Killed Joseph
  4953 | D:7      | Gained mutation: You have a pair of large horns on your
                  | head. [demonic ancestry]
  4953 | D:7      | Reached XP level 9. HP: 46/68 MP: 9/9
  4991 | D:7      | XOM: divination: detect creatures
  4996 | D:7      | XOM: confuse monster(s)
  4998 | D:7      | Found a sand-covered staircase.
  5005 | Ossuary  | Entered an ossuary
  5115 | Ossuary  | XOM: divination: detect creatures
  5233 | Ossuary  | Reached skill level 4 in Armour
  5266 | Ossuary  | XOM: noise
  5399 | D:7      | XOM: potion effect (invisibility)
  5594 | D:7      | XOM: divination: detect items
  5644 | D:7      | Reached skill level 13 in Maces & Flails
  5723 | D:7      | Got the Compendium of Ashes and Attendants
  5747 | D:7      | XOM: give mutations
  5747 | D:7      | Lost mutation: Your skin changes colour to match your
                  | surroundings (Stealth+). [Xom's mischief]
  5747 | D:7      | Gained mutation: Your health recovers twice as slowly from
                  | being drained. [Xom's mischief]
  5747 | D:7      | Gained mutation: You are frail. (-10% HP) [Xom's mischief]
  5750 | D:7      | XOM: confusion
  5751 | D:7      | Identified a potion of resistance
  5752 | D:7      | Lost mutation: You are frail. (-10% HP) [potion of
                  | mutation]
  5752 | D:7      | Lost mutation: Your mind is acute. (Int +4, Str/Dex -1)
                  | [potion of mutation]
  5752 | D:7      | Lost mutation: You are clumsy. (Dex -2) [potion of
                  | mutation]
  5752 | D:7      | Gained mutation: Your magical capacity is low. (-10% MP)
                  | [potion of mutation]
  5752 | D:7      | Gained mutation: You passively map a small area around you.
                  | [potion of mutation]
  5752 | D:7      | Gained mutation: You expend magic power (3 MP) to
                  | strengthen your wands. [potion of mutation]
  5752 | D:7      | XOM: destruction
  6108 | D:7      | XOM: 3-stop teleportation journey
  6329 | D:8      | Reached skill level 5 in Armour
  6346 | D:8      | Noticed a cyclops
  6351 | D:8      | XOM: butterfly on damage
  6358 | D:8      | Killed a cyclops
  6382 | D:8      | Noticed Prince Ribbit
  6397 | D:8      | Gained mutation: You sometimes gain power by taking damage.
                  | [demonic ancestry]
  6397 | D:8      | Reached XP level 10. HP: 50/74 MP: 9/9
  6397 | D:8      | XOM: enchant monster (bad)
  6404 | D:8      | Killed Prince Ribbit
  6556 | D:8      | Lost mutation: Your health recovers twice as slowly from
                  | being drained. [potion of mutation]
  6556 | D:8      | Lost mutation: You have large cloven feet. [potion of
                  | mutation]
  6556 | D:8      | Lost mutation: You occasionally lose the ability to drink
                  | potions when taking damage. [potion of mutation]
  6556 | D:8      | Gained mutation: You are somewhat resistant to further
                  | mutation. [potion of mutation]
  6632 | D:8      | XOM: 4-stop teleportation journey
  6857 | D:8      | Reached skill level 6 in Armour
  6860 | D:8      | Reached skill level 1 in Evocations
  7107 | D:9      | XOM: polymorph howler monkey -> shapeshifter
  7115 | D:8      | XOM: give mutations
  7115 | D:8      | Gained mutation: You passively map the area around you.
                  | [Xom's mischief]
  7115 | D:8      | Lost mutation: You passively map the area around you.
                  | [Xom's mischief]
  7115 | D:8      | Gained mutation: Your body sometimes deteriorates upon
                  | taking damage. [Xom's mischief]
  7126 | D:8      | XOM: give mutations
  7126 | D:8      | Gained mutation: You occasionally lose the ability to read
                  | scrolls when taking damage. [Xom's mischief]
  7126 | D:8      | Gained mutation: You are frail. (-10% HP) [Xom's mischief]
  7280 | D:9      | Reached skill level 2 in Evocations
  7508 | D:9      | XOM: confusion
  7510 | D:9      | XOM: confusion
  7870 | D:9      | XOM: cast spell 'Summon Mana Viper'
  7881 | D:9      | Reached skill level 3 in Evocations
  7988 | D:9      | XOM: 1-stop teleportation journey
  8206 | D:9      | XOM: repel stairs
  8221 | D:9      | Found a hide-covered altar of Uskayaw.
  8340 | D:9      | Found Puuvaqet's Weapon Boutique.
  8436 | D:10     | Entered Level 10 of the Dungeon
  8576 | D:10     | Found a staircase to the Lair.
  8576 | D:10     | Noticed an elephant
  8579 | D:10     | XOM: 2-stop teleportation journey
  8625 | D:10     | XOM: enchant monster (good)
  8725 | D:10     | XOM: divine lightning
  8725 | D:10     | Noticed a two-headed ogre
  8730 | D:10     | XOM: confuse monster(s)
  8737 | D:10     | Killed a two-headed ogre
  8737 | D:10     | Noticed a centaur warrior
  8738 | D:10     | Reached skill level 14 in Maces & Flails
  8738 | D:10     | Reached skill level 4 in Evocations
  8738 | D:10     | Gained mutation: Spells you cast may paralyse nearby
                  | enemies. [demonic ancestry]
  8738 | D:10     | Reached XP level 11. HP: 35/71 MP: 9/9
  9076 | D:10     | XOM: divination: magic mapping
  9079 | D:10     | XOM: enchant monster (good)
  9082 | D:10     | Killed a centaur warrior
  9083 | D:10     | Reached skill level 5 in Evocations
  9321 | D:10     | XOM: 3-stop teleportation journey
  9322 | D:10     | XOM: scenery: create altars
  9323 | D:10     | XOM: divine lightning
  9334 | D:10     | Reached skill level 6 in Evocations
  9492 | D:10     | Lost mutation: Your body sometimes deteriorates upon taking
                  | damage. [potion of mutation]
  9492 | D:10     | Lost mutation: You expend magic power (3 MP) to strengthen
                  | your wands. [potion of mutation]
  9520 | D:10     | XOM: confusion (+ monsters)
  9522 | D:10     | XOM: swap monsters
  9524 | D:10     | XOM: summons 8 friendly demons
  9631 | D:10     | Found a staircase to the Orcish Mines.
  9641 | D:10     | Reached skill level 7 in Evocations
  9710 | D:10     | XOM: silly message
  9809 | D:10     | XOM: blink monster(s)
  9811 | D:10     | XOM: swap monsters
 10202 | Orc:1    | Entered Level 1 of the Orcish Mines
 10214 | Orc:1    | XOM: swap monsters
 10483 | Orc:1    | XOM: 2-stop teleportation journey
 10484 | Orc:1    | XOM: 1-stop teleportation journey
 10490 | Orc:1    | XOM: divine lightning
 10496 | Orc:1    | Reached skill level 8 in Evocations
 10501 | Orc:1    | XOM: fog
 10504 | Orc:1    | XOM: fake destruction
 10509 | Orc:1    | XOM: cast spell 'Leda's Liquefaction'
 10516 | Orc:1    | XOM: summons 2 friendly demons
 10520 | Orc:1    | HP: 10/106 [red devil/+0 spear (5)]
 10525 | Orc:1    | XOM: divination: magic mapping
 10529 | Orc:1    | Slain by a red devil

Vanquished Creatures
  A two-headed ogre (D:10)
  An elephant (D:10)
  A cyclops (D:8)
  Joseph (D:7)
  A troll (Orc:1)
  A red devil (Orc:1)
  Prince Ribbit (D:8)
  2 shadows
  3 wyverns
  10 yaks
  A basilisk (D:10)
  A vampire mosquito (D:10)
  2 steam dragons
  An acid dragon (D:9)
  2 water moccasins
  6 orc warriors
  An ice beast (D:5)
  A black bear (D:10)
  A swamp drake (D:10)
  3 ogres
  A centaur (D:7)
  2 brain worms (Sewer)
  3 kobold brigands
  An elf zombie (Ossuary)
  2 bullfrogs
  A gnoll sergeant (D:7)
  A scorpion (shapeshifter) (D:8)
  2 scorpions
  21 wights
  7 killer bees (D:8)
  4 howler monkeys (D:8)
  An electric eel (D:7)
  4 bombardier beetles
  5 centaur zombies (Ossuary)
  13 orc priests
  4 hounds
  5 human zombies (Ossuary)
  2 jellies (D:5)
  A sleepcap (D:5)
  5 iguanas
  15 orc wizards
  3 mummies (Ossuary)
  10 adders
  3 ribbon worms
  3 dart slugs
  33 orcs
  10 ball pythons
  7 bats
  3 endoplasms
  5 giant cockroaches
  6 goblins
  10 hobgoblins
  7 jackals
  3 quokkas
  9 frilled lizards
  21 kobolds
  17 rats
291 creatures vanquished.

Vanquished Creatures (collateral kills)
  A centaur warrior (D:10)
  2 yaks (D:10)
  2 orc priests (Orc:1)
  5 orcs (Orc:1)
10 creatures vanquished.

Vanquished Creatures (others)
  3 vampire mosquitoes (D:10)
  An orc warrior (Orc:1)
  A centaur (D:5)
  4 gnolls (D:7)
  An orc (D:10)
  A kobold zombie (D:1)
11 creatures vanquished.

Grand Total: 312 creatures vanquished

Table legend: (Time is in decaauts)
 A = Elapsed time spent in this place.
 B = Non-inter-level travel time spent in this place.
 C = Inter-level travel time spent in this place.
 D = Time resting spent in this place.
 E = Time spent auto-exploring this place.
 F = Levels seen in this place.
 G = Mean time per level.
                   A        B        C        D        E       F      G
               +--------+--------+--------+--------+--------+-----+--------+
         Total |  10389 |  10111 |    278 |    555 |   7649 |  13 |  799.2 |
       Dungeon |   9280 |   9002 |    278 |    501 |   6947 |  10 |  928.0 |
  Orcish Mines |    313 |    313 |      0 |     21 |    213 |   1 |  313.0 |
         Sewer |    477 |    477 |      0 |      9 |    305 |   1 |  477.0 |
       Ossuary |    318 |    318 |      0 |     24 |    183 |   1 |  318.0 |
               +--------+--------+--------+--------+--------+-----+--------+

Top non-repeatable levels by time:
    D:10: 1528 daAuts
     D:9: 1359 daAuts
     D:5: 1208 daAuts
     D:7: 995 daAuts
     D:6: 989 daAuts
     D:8: 887 daAuts
     D:4: 587 daAuts
     D:3: 584 daAuts
     D:1: 575 daAuts
     D:2: 565 daAuts
   Sewer: 477 daAuts
 Ossuary: 318 daAuts
   Orc:1: 313 daAuts

Table legend:
 A = Non-vault XP
 B = Vault XP
 C = Vault XP percentage of total XP
 D = Non-vault monster count
 E = Vault monster count
 F = Vault count percentage of total count
                 A         B        C        D         E       F
            +---------+---------+-------+---------+---------+-------
      Total |   12437 |    3667 |  22.8 |     222 |      80 |  26.5
            +---------+---------+-------+---------+---------+-------
        D:1 |      29 |       3 |   9.4 |      19 |       2 |   9.5
        D:2 |      53 |      17 |  24.3 |      19 |      10 |  34.5
        D:3 |     139 |      41 |  22.8 |      23 |       5 |  17.9
        D:4 |     690 |       0 |   0.0 |      28 |       0 |   0.0
        D:5 |     485 |     185 |  27.6 |      12 |       3 |  20.0
        D:6 |     615 |       4 |   0.6 |      16 |       1 |   5.9
        D:7 |     969 |     455 |  32.0 |      17 |       1 |   5.6
        D:8 |    2112 |     268 |  11.3 |      28 |       1 |   3.4
        D:9 |    2293 |     263 |  10.3 |      18 |       2 |  10.0
       D:10 |    3647 |    1289 |  26.1 |      20 |      20 |  50.0
      Orc:1 |    1405 |     316 |  18.4 |      22 |       1 |   4.3
      Sewer |       0 |     245 | 100.0 |       0 |      20 | 100.0
    Ossuary |       0 |     581 | 100.0 |       0 |      14 | 100.0
            +---------+---------+-------+---------+---------+-------
